 Dungeon Crawl Stone Soup version 0.22-a0-422-g9628fc87f1 (webtiles) character file.

175 Kriby the Chopper (level 5, 0/47 HPs)
             Began as a Minotaur Berserker on May 18, 2018.
             Was a Believer of Trog.
             Slain by a hobgoblin
             ... wielding a +0 club
             ... led by Robin
              (7 damage)
             ... on level 3 of the Dungeon.
             The game lasted 00:01:34 (1985 turns).

Kriby the Chopper (Minotaur Berserker)              Turns: 1985, Time: 00:01:35

Health: 0/47       AC:  6    Str: 23    XL:     5   Next: 29%
Magic:  4/4        EV: 10    Int:  4    God:    Trog [**....]
Gold:   76         SH:  3    Dex:  9    Spells: 4/4 levels left

rFire    . . .     SeeInvis .   a - +0 hand axe
rCold    . . .     Gourm    .   r - +0 buckler
rNeg     . . .     Faith    .   p - +0 scale mail
rPois    .         Spirit   .   (helmet restricted)
rElec    .         Reflect  .   (no cloak)
rCorr    .         Harm     +   (no gloves)
MR       .....                  (no boots)
Stlth    ..........             g - amulet of harm
HPRegen  0.15/turn              (no ring)
MPRegen  0.09/turn              (no ring)

@: berserk cooldown, slowed, very slow
A: retaliatory headbutt, horns 2
a: Berserk, Trog's Hand, Renounce Religion


You were on level 3 of the Dungeon.
You worshipped Trog.
Trog was pleased with you.
You were hungry.

You visited 1 branch of the dungeon, and saw 3 of its levels.

You collected 76 gold pieces.

Inventory:

Hand Weapons
 a - a +0 hand axe (weapon)
Armour
 b - a +0 animal skin
 d - a +0 ring mail
 j - a +2 shield
 p - a +0 scale mail (worn)
 r - a +0 buckler (worn)
Jewellery
 g - an amulet of harm (around neck)
 k - an uncursed ring of wizardry {unknown}
 m - an uncursed ring of protection from magic {unknown}
Wands
 n - a wand of flame (27)
Scrolls
 e - 2 scrolls of identify {unknown}
 h - a scroll of fog {unknown}
 l - a scroll of amnesia {unknown}
 q - a scroll of enchant weapon {unknown}
Potions
 i - 2 potions of agility {unknown}
 o - 2 potions of curing {unknown}
Comestibles
 c - 5 rations


   Skills:
 + Level 4.5 Fighting
 * Level 5.3 Axes
 + Level 3.6 Armour
 + Level 3.2 Dodging
 + Level 1.2 Shields


You had 4 spell levels left.
You didn't know any spells.
Your spell library was empty.

Dungeon Overview and Level Annotations

Branches:
Dungeon (3/15)

Altars:
Ashenzari
Cheibriados
Fedhas
Okawaru
Qazlal
Yredelemnul
Zin


Innate Abilities, Weirdness & Mutations

You reflexively headbutt those who attack you in melee.
You have a pair of horns on your head.


Message History

You kill the hobgoblin!
Trog accepts your kill.
You hear a shout!
The hobgoblin rages.
You closely miss the hobgoblin.
You kill the hobgoblin!
Trog accepts your kill.
You are no longer berserk.
You are exhausted.
You feel yourself slow down.
You hear a shout!
You swing at nothing.
The hobgoblin closely misses you. x2
You hit the hobgoblin but do no damage. The hobgoblin hits you with a club!
* * * LOW HITPOINT WARNING * * *
The hobgoblin barely misses you.
Your shield and scale mail prevent you from hitting the hobgoblin.
Your headbutt misses the hobgoblin. The hobgoblin hits you with a club.
* * * LOW HITPOINT WARNING * * *
The hobgoblin hits you with a club.
You die...

)# ####....###....#
.########..#...##y##...#
.##........#....###....#
....#####..#...........#
....# #..##....w....#
....# #...##.g)rg..#
...## #....####w# ...#
#......##g## ...#
#.......@.)# ####
##..........#
###...#########
######...### ...
...[...### ... .......#
... .......# ...
.......##### ..
...........## .##


You could see a moth of wrath, 2 worms, 2 hobgoblins and a rat.

Vanquished Creatures
  Ijyb (D:3)
  Robin (D:3)
  5 adders
  2 oozes
  A worm (D:2)
  2 dart slugs
  A leopard gecko (D:3)
  6 orcs (D:3)
  3 giant cockroaches
  14 goblins
  8 hobgoblins
  4 jackals (D:1)
  6 kobolds
  A quokka (D:3)
  A ball python (D:2)
  4 bats
  3 frilled lizards (D:2)
  6 rats
69 creatures vanquished.

Notes
Turn   | Place    | Note
-------+----------+-------------------------------------------
     0 | D:1      | Kriby the Minotaur Berserker began the quest for the Orb.
     0 | D:1      | Reached XP level 1. HP: 19/19 MP: 0/0
   147 | D:1      | Reached XP level 2. HP: 25/27 MP: 1/1
   150 | D:1      | Reached skill level 4 in Axes
   207 | D:1      | Found a shattered altar of Ashenzari.
   625 | D:2      | Reached XP level 3. HP: 33/33 MP: 2/2
   994 | D:2      | Reached XP level 4. HP: 40/40 MP: 3/3
  1190 | D:2      | Found an iron altar of Okawaru.
  1192 | D:2      | Found a blossoming altar of Fedhas.
  1192 | D:2      | Found a snail-covered altar of Cheibriados.
  1192 | D:2      | Found a basalt altar of Yredelemnul.
  1192 | D:2      | Found a glowing silver altar of Zin.
  1195 | D:2      | Found a stormy altar of Qazlal.
  1201 | D:2      | Reached ** piety under Trog
  1482 | D:3      | Noticed Ijyb
  1491 | D:3      | Killed Ijyb
  1491 | D:3      | Reached skill level 5 in Axes
  1491 | D:3      | Reached skill level 1 in Shields
  1731 | D:3      | Reached XP level 5. HP: 47/47 MP: 4/4
  1964 | D:3      | Noticed a moth of wrath
  1965 | D:3      | Noticed Robin
  1973 | D:3      | Killed Robin
  1985 | D:3      | Slain by a hobgoblin

Vault maps used:
D:1:      minmay_arrival_arboretum_small, evilmike_ruin_ashenzari
D:2:      grunt_temple_overflow_open, first_ration
D:3:      tgw_trog, uniq_ijyb, uniq_robin

Skill      XL: |  1  2  3  4 |
---------------+-------------+-----
Axes           | 4 5 |  5.3
Fighting       | 4 |  4.5
Armour         | 3 |  3.6
Dodging        | 3 |  3.2
Shields        | 1 |  1.2

Action                   |  1- 3 |  4- 6 || total
-------------------------+-------+-------++-------
Melee: Hand axe          |    54 |    69 ||   123
       Headbutt          |     6 |     6 ||    12
Invok: Berserk           |     1 |     3 ||     4
  Eat: Chunk             |     1 |     5 ||     6
Armor: Ring mail         |    19 |    12 ||    31
       Scale mail        |       |     6 ||     6
Dodge: Dodged            |    32 |    18 ||    50
Block: Shield            |       |    29 ||    29

Table legend:
 A = Spawn XP
 B = Non-spawn XP
 C = Spawn XP percentage of total XP
 D = Spawn monster count
 E = Non-spawn monster count
 F = Spawn count percentage of total count
 G = Total turns spent on level
                    A         B        C        D         E        F      G
               +---------+---------+-------+---------+---------+-------+---------
         Total |       0 |     250 |   0.0 |       0 |      69 |   0.0 |  1985
               +---------+---------+-------+---------+---------+-------+---------
           D:1 |       0 |      32 |   0.0 |       0 |      14 |   0.0 |   561
           D:2 |       0 |      91 |   0.0 |       0 |      24 |   0.0 |   862
           D:3 |       0 |     127 |   0.0 |       0 |      31 |   0.0 |   562
               +---------+---------+-------+---------+---------+-------+---------
